 Dungeon Crawl Stone Soup version 0.28.0-53-g5a82cb258f (webtiles) character file.

Game seed: 5294030551483197835

2486 safid the Severer (level 9, -1/71 HPs)
             Began as a Hill Orc Fighter on Aug 3, 2022.
             Was an Initiate of Beogh.
             Slain by a wolf (4 damage)
             ... led by Grum
             ... on level 8 of the Dungeon.
             The game lasted 00:10:44 (7815 turns).

safid the Severer (Hill Orc Fighter)                Turns: 7815, Time: 00:10:44

Health: -1/71      AC: 11    Str: 23    XL:     9   Next: 52%
Magic:  0/9        EV:  8    Int:  8    God:    Beogh [......]
Gold:   333        SH:  8    Dex: 10    Spells: 8/8 levels left

rFire   + . .      SeeInvis .   a - +0 war axe
rCold   + . .      Faith    .   d - +0 kite shield
rNeg    . . .      Spirit   +   b - +0 scale mail
rPois   +          Reflect  .   (no helmet)
rElec   .          Harm     .   w - scarf {rC+ rF+}
rCorr   .          Rampage  .   (no gloves)
Will    .....                   (no boots)
Stlth   ..........              p - amulet of guardian spirit
HPRegen 0.21/turn               k - +4 ring of protection
MPRegen 0.11/turn               f - ring of poison resistance

@: no status effects
A: no striking features
a: Renounce Religion


You were on level 8 of the Dungeon.
You worshipped Beogh.
Beogh was noncommittal.
You visited 1 branch of the dungeon, and saw 8 of its levels.

You collected 333 gold pieces.

Inventory:

Hand Weapons
 a - a +0 war axe (weapon)
Missiles
 h - 7 poisoned darts (quivered)
 s - 2 throwing nets
Armour
 b - a +0 scale mail (worn)
 d - a +0 kite shield (worn)
 w - a scarf of resistance (worn)
Jewellery
 f - a ring of poison resistance (right hand)
 g - a ring of flight
 i - a +4 ring of evasion
 k - a +4 ring of protection (left hand)
 p - an amulet of guardian spirit (around neck)
Wands
 A - a wand of paralysis (6)
Scrolls
 c - a scroll of acquirement {unknown}
 j - a scroll of teleportation
 x - a scroll of enchant weapon
 y - a scroll of fear
 B - a scroll of holy word
Potions
 e - a potion of mutation {unknown}
 l - 2 potions of haste
 m - a potion of flight {unknown}
 r - a potion of ambrosia {unknown}
 u - 2 potions of curing
 v - a potion of attraction {unknown}
 z - a potion of resistance {unknown}
 C - a potion of heal wounds {unknown}


   Skills:
 - Level 4.0 Fighting
 + Level 15.3 Axes
 - Level 4.0 Armour
 + Level 4.8 Shields


You had 8 spell levels left.
You didn't know any spells.
Your spell library contained the following spells:

 Spells                   Type           Power      Damage    Failure   Level
 Ensorcelled Hibernation  Hex/Ice        0%         N/A       99%         2
 Passwall                 Tmut/Erth      0%         N/A       99%         2
 Frozen Ramparts          Ice            0%         1d2       100%        3
 Swiftness                Air            0%         N/A       100%        3
 Animate Armour           Summ/Erth      0%         N/A       100%        4
 Ice Form                 Ice/Tmut       0%         N/A       100%        4
 Summon Ice Beast         Ice/Summ       0%         N/A       100%        4
 Blade Hands              Tmut           0%         N/A       100%        5
 Iron Shot                Conj/Erth      0%         9d1       100%        6


Dungeon Overview and Level Annotations

Branches:
Dungeon (8/15)             Temple (0/1) D:5
   Lair: D:8-11

Altars:
Cheibriados
Dithmenos
Elyvilon
Gozag
Kikubaaqudgha
Makhleb
Okawaru
Qazlal
Ru
Sif Muna
Uskayaw
Vehumet
Xom

Shops:
D:4 [   D:5 (*

Annotations:
D:3 1 runed translucent door, Crazy Yiuf
D:7 4 runed translucent doors
D:8 Grum


Message History

You slash the wolf! You slash the orc!
You kill the orc!
Beogh accepts your kill. The wolf bites you.
The wolf bites you but does no damage. The wolf barely misses you.
You barely miss the wolf.
The wolf is severely wounded.
You completely miss the wolf. The wolf barely misses you. The wolf bites you.
Grum hits you from afar with a -1 vorpal halberd!
The wolf bites you but does no damage.
Unknown command.
You closely miss the wolf.
The wolf is severely wounded.
You completely miss the wolf. You block the wolf's attack. The wolf bites you.
You block Grum's attack. The wolf bites you but does no damage.
The wolf bites you!
Unknown command.
You hit the wolf.
The wolf is almost dead.
You hit the wolf. The wolf bites you. You block Grum's attack.
The wolf bites you. The wolf bites you but does no damage.
You barely miss the wolf.
The wolf is almost dead.
You slash the wolf! The wolf bites you but does no damage.
You block the wolf's attack.
Grum hits you from afar with a -1 vorpal halberd!
The wolf completely misses you.
Unknown command.
You closely miss the wolf.
The wolf is almost dead.
You hit the wolf but do no damage. The wolf bites you!
You block the wolf's attack.
Grum hits you from afar with a -1 vorpal halberd!
* * * LOW HITPOINT WARNING * * *
x2 The wolf barely misses you.
The wolf bites you!
* * * LOW HITPOINT WARNING * * *
The wolf bites you but does no damage. The wolf bites you.
You die...

.#
########.#####+
#..............
#......).......
#..............
#...##g####..##
#...##h#####+#
#.....h.......
#.....@.......
#.............
#.............
#########+####


You could see Grum and 2 wolves.

Vanquished Creatures
  A centaur zombie (D:7)
  A wraith (D:6)
  A steam dragon (D:7)
  A water moccasin (D:5)
  2 ice beasts (D:5)
  A black bear (D:7)
  3 ogres
  A scorpion (D:5)
  2 water moccasin zombies (D:5)
  A wyvern skeleton (D:6)
  A water moccasin skeleton (D:4)
  10 wights
  2 hounds (D:5)
  A jelly (D:7)
  A gnoll shaman (D:7)
  3 orc wizards
  3 iguanas
  2 killer bee zombies
  7 gnolls
  7 adders
  2 white imps
  An ufetubus (D:7)
  An adder skeleton (D:4)
  A worm (D:2)
  A dart slug (D:1)
  13 orcs
  6 bats
  8 endoplasms
  3 giant cockroaches
  5 goblins
  9 hobgoblins
  12 jackals
  5 quokkas
  7 ball pythons
  4 frilled lizards
  4 rats
133 creatures vanquished.

Notes
Turn   | Place    | Note
-------+----------+-------------------------------------------
     0 | D:1      | safid the Hill Orc Fighter began the quest for the Orb.
     0 | D:1      | Reached XP level 1. HP: 19/19 MP: 1/1
   186 | D:1      | Reached skill level 3 in Axes
   186 | D:1      | Reached XP level 2. HP: 27/27 MP: 2/2
   460 | D:1      | Reached XP level 3. HP: 33/33 MP: 3/3
   637 | D:2      | Found a hide-covered altar of Uskayaw.
   859 | D:2      | Found a faded altar of an unknown god.
  1720 | D:3      | Reached XP level 4. HP: 37/40 MP: 4/4
  1816 | D:3      | Found a radiant altar of Vehumet.
  1865 | D:3      | Found an iron altar of Okawaru.
  1871 | D:3      | Reached skill level 4 in Axes
  1929 | D:3      | Found an ancient bone altar of Kikubaaqudgha.
  2254 | D:3      | Found a runed translucent door.
  2255 | D:3      | Noticed Crazy Yiuf
  2338 | D:3      | Found a white marble altar of Elyvilon.
  2338 | D:3      | Found a burning altar of Makhleb.
  2338 | D:3      | Found a shimmering blue altar of Sif Muna.
  2338 | D:3      | Found a stormy altar of Qazlal.
  2339 | D:3      | Found a sacrificial altar of Ru.
  2340 | D:3      | Found a shimmering altar of Xom.
  2341 | D:3      | Found a shadowy altar of Dithmenos.
  2443 | D:3      | Found a snail-covered altar of Cheibriados.
  2586 | D:3      | Reached skill level 5 in Axes
  2742 | D:4      | Reached XP level 5. HP: 46/46 MP: 5/5
  2857 | D:4      | Found Faabrod's Armour Shop.
  2986 | D:4      | Reached skill level 6 in Axes
  3554 | D:4      | Reached skill level 7 in Axes
  3554 | D:4      | Reached XP level 6. HP: 38/52 MP: 6/6
  3920 | D:5      | Entered Level 5 of the Dungeon
  3922 | D:5      | Found Budghepei's Overcharged Wands.
  4030 | D:5      | Noticed an ice beast
  4048 | D:5      | Killed an ice beast
  4049 | D:5      | Reached skill level 8 in Axes
  4157 | D:5      | Reached XP level 7. HP: 38/59 MP: 4/7
  4282 | D:5      | Found Adeoz's Weapon Shoppe.
  4354 | D:5      | Found a staircase to the Ecumenical Temple.
  4360 | D:5      | Reached skill level 9 in Axes
  4681 | D:5      | Reached skill level 10 in Axes
  4813 | D:5      | Reached skill level 11 in Axes
  4813 | D:5      | Reached XP level 8. HP: 51/66 MP: 5/8
  4888 | D:6      | Noticed a wraith
  4900 | D:6      | Killed a wraith
  4901 | D:6      | Reached skill level 12 in Axes
  4981 | D:6      | Found a hide-covered altar of Uskayaw.
  5238 | D:6      | Identified the +5 chain mail of Ocsuesh {*Slow Will+ Int+2
                  | Dex+7}
  5568 | D:5      | Reached skill level 13 in Axes
  6305 | D:6      | Found an opulent altar of Gozag.
  6481 | D:7      | Reached skill level 14 in Axes
  6481 | D:7      | Reached XP level 9. HP: 17/71 MP: 4/9
  7155 | D:7      | Reached skill level 15 in Axes
  7389 | D:7      | Found a huge runed translucent gate.
  7389 | D:7      | Found a huge runed translucent gate.
  7389 | D:7      | Found a huge runed translucent gate.
  7389 | D:7      | Noticed a polar bear
  7392 | D:7      | Noticed a death yak
  7438 | D:7      | Became a worshipper of Beogh the Brigand
  7584 | D:7      | Found a huge runed translucent gate.
  7584 | D:7      | Noticed a polar bear
  7585 | D:7      | Noticed a death yak
  7801 | D:8      | Noticed Grum
  7812 | D:8      | HP: 3/71 [wolf[Grum] (5)]
  7815 | D:8      | Slain by a wolf

Illustrated notes

Levels and vault maps discovered:
D:1:      amcnicky_arrival_choice, layout_loops_ring
D:2:      minmay_wonky_spiral, layout_loops_corners, basic_altar,
          shapermc_ecumenical_altar_starsandcircs
D:3:      layout_loops_ring, mainiacjoe_overflow_alcove_2, minitemple,
          amcnicky_altar_gilded, skrybe_limestone_x, uniq_crazy_yiuf_cottage
D:4:      layout_cave_pools, serial_shops, nicolae_shop_stone
D:5:      layout_gridville, minmay_temple_entry_grid, serial_shops,
          nicolae_shop_hallway_plus, nicolae_shop_overcharged_wands
D:6:      layout_rooms, mainiacjoe_overflow_surrounded_room,
          mainiacjoe_overflow_catwalk
D:7:      lemuel_bear_cage, layout_basic, minmay_misc_feat_iff,
          amcnicky_mini_pool_small, interstate_on_off
D:8:      layout_gridville, lair_entry_dummy, nicolae_ossuary_entry_ruins,
          uniq_pikel, uniq_maurice, uniq_harold, uniq_grum

Skill      XL: |  1  2  3  4  5  6  7  8  9 |
---------------+----------------------------+-----
Axes           | 3 5 7 8 11 14 15 | 15.3
Fighting       | 4 |  4.0
Shields        | 4 |  4.8
Armour         | 4 |  4.0

Action                   |  1- 3 |  4- 6 |  7- 9 || total
-------------------------+-------+-------+-------++-------
Melee: War axe           |    95 |   182 |   207 ||   484
Invok: Convert to Beogh  |       |       |     1 ||     1
  Use: Scroll            |       |       |    11 ||    11
       Potion            |       |       |     2 ||     2
Armor: Scale mail        |    54 |   109 |   105 ||   268
Dodge: Dodged            |    46 |    91 |    99 ||   236
Block: Buckler           |    24 |    36 |    32 ||    92
       Kite shield       |       |       |    12 ||    12
